 Dungeon Crawl Stone Soup version 0.27-a0-1560-g8cdb131 (webtiles) character file.

Game seed: 4809733034132370012

32 Meow the Skirmisher (level 3, 33/33 HPs)
             Began as a Ghoul Fighter on July 16, 2021.
             Quit the game on level 1 of the Dungeon.
             The game lasted 00:01:53 (607 turns).

Meow the Skirmisher (Ghoul Fighter)                  Turns: 607, Time: 00:01:53

Health: 33/33      AC:  6    Str: 20    XL:     3   Next: 25%
Magic:  2/2        EV:  7    Int:  3    God:
Gold:   25         SH:  8    Dex:  8    Spells: 2/2 levels left

rFire    . . .     SeeInvis .   a - +0 war axe
rCold    + . .     Faith    .   c - +0 kite shield
rNeg     + + +     Spirit   .   b - +0 scale mail
rPois    ∞         Reflect  .   (no helmet)
rElec    .         Harm     .   (no cloak)
rCorr    .         Rampage  .   (no gloves)
Will     .....                  (no boots)
Stlth    ..........             (no amulet)
HPRegen  0.11/turn              (no ring)
MPRegen  0.08/turn              (no ring)

@: no status effects
A: claws 1, cold resistance 1, negative energy resistance 3, inhibited
regeneration, torment resistance 2
a: no special abilities


You were on level 1 of the Dungeon.
You visited 1 branch of the dungeon, and saw 1 of its levels.

You collected 25 gold pieces.

Inventory:

Hand Weapons
 a - a +0 war axe (weapon)
Missiles
 f - 15 arrows
Armour
 b - a +0 scale mail (worn)
 c - a +0 kite shield (worn)
Jewellery
 g - a +6 ring of intelligence
Scrolls
 e - 2 scrolls of identify {unknown}
Potions
 d - a potion of might
 h - a potion of flight {unknown}


   Skills:
 + Level 4.0 Fighting
 + Level 2.6 Axes
 - Level 2.6 Armour
 - Level 2.6 Shields


You had 2 spell levels left.
You didn't know any spells.
Your spell library was empty.

Dungeon Overview and Level Annotations

Branches:
Dungeon (1/15)

Altars:


Innate Abilities, Weirdness & Mutations

You thrive by killing the living.
You are immune to poison.
You have sharp fingernails.
Your flesh is cold resistant. (rC+)
You are immune to negative energy. (rN+++)
You do not regenerate when monsters are visible.
You are immune to unholy pain and torment.


Message History

You feel better.
Key pressed, stopping explore.
A goblin comes into view. It is wielding a +0 club.
Found a whip.
The goblin shouts!
A kobold comes into view. It is wielding a +0 short sword.
The kobold shouts!
Found a stone staircase leading down.
A hobgoblin comes into view.
The goblin hits you but does no damage.
You closely miss the goblin. The goblin hits you with a +0 club.
The goblin hits you but does no damage.
You hit the goblin.
You kill the goblin!
You feel better.
A rat comes into view.
The kobold closely misses you.
You miss the kobold. You block the kobold's attack.
The hobgoblin barely misses you. The kobold barely misses you.
Your shield prevents you from hitting the hobgoblin.
You closely miss the kobold. The hobgoblin barely misses you.
You block the kobold's attack.
You barely miss the kobold. You barely miss the hobgoblin.
The hobgoblin hits you but does no damage.
You block the kobold's attack. The hobgoblin barely misses you.
The kobold hits you but does no damage.
You slash the hobgoblin!
You kill the hobgoblin!
You barely miss the kobold. You block the kobold's attack.
You hit the kobold but do no damage. You hit the rat but do no damage.
The kobold hits you but does no damage. You block the rat's attack.
The kobold hits you but does no damage. You block the rat's attack.
You hit the rat but do no damage. You slash the kobold!
You kill the kobold!
You feel better. You block the rat's attack.
You closely miss the rat. The rat barely misses you.
You block the rat's attack.
You hit the rat.
You kill the rat!
Are you sure you want to abandon this character and quit the game? (Confirm with "yes".)

####.##.#.# #.### ##
............# #.#.. ...
......##.#.# #.#.. #.#
#..## #.#.# #.#.. .).
#..# #.#.###.### #.##..#
#.#.##.....
#.....#####(#.)...##'
.###..)........##.##.#..
>.....)@...# ####.##.#.<
##.####.##.## #.##.#..
#.#...#####.#..###
#........##.#...
###...##.##.#..#
##.###.##.##.#
#.###.......#
#..............
########.######


There were no monsters in sight!

Vanquished Creatures
  A dart slug (D:1)
  4 endoplasms (D:1)
  4 giant cockroaches (D:1)
  4 goblins (D:1)
  3 hobgoblins (D:1)
  5 kobolds (D:1)
  4 rats (D:1)
25 creatures vanquished.

Notes
Turn   | Place    | Note
-------+----------+-------------------------------------------
     0 | D:1      | Meow the Ghoul Fighter began the quest for the Orb.
     0 | D:1      | Reached XP level 1. HP: 19/19 MP: 0/0
   171 | D:1      | Reached XP level 2. HP: 22/26 MP: 1/1
   514 | D:1      | Reached skill level 4 in Fighting
   514 | D:1      | Reached XP level 3. HP: 33/33 MP: 2/2
   607 | D:1      | Quit the game

Illustrated notes

Levels and vault maps discovered:
D:1:      minmay_arrival_four_houses, layout_loops_ring

Skill      XL: |  1  2 |
---------------+-------+-----
Axes           | 2 |  2.6
Fighting       | 4 |  4.0
Armour         | |  2.6
Shields        | |  2.6

Action                   || total
-------------------------++-------
Melee: War axe           ||    70
Armor: Scale mail        ||    34
Dodge: Dodged            ||    28
Block: Kite shield       ||    32

Table legend: (Time is in decaauts)
 A = Elapsed time spent in this place.
 B = Non-inter-level travel time spent in this place.
 C = Inter-level travel time spent in this place.
 D = Time resting spent in this place.
 E = Time spent auto-exploring this place.
 F = Levels seen in this place.
 G = Mean time per level.
                   A        B        C        D        E       F      G
               +--------+--------+--------+--------+--------+-----+--------+
         Total |    651 |    651 |      0 |    217 |    211 |   1 |  651.0 |
       Dungeon |    651 |    651 |      0 |    217 |    211 |   1 |  651.0 |
               +--------+--------+--------+--------+--------+-----+--------+

Top non-repeatable levels by time:
     D:1: 651 daAuts
